 Dungeon Crawl Stone Soup version 0.23.2-1-ga50397a6bc (webtiles) character file.

Game seed: 4447744739199414742

40 Mrkan the Sneak (level 3, 0/16 HPs)
             Began as a Vine Stalker Enchanter on May 20, 2019.
             Succumbed to an adder's poison
             ... on level 2 of the Dungeon.
             The game lasted 00:02:20 (751 turns).

Mrkan the Sneak (Vine Stalker Enchanter)             Turns: 751, Time: 00:02:21

Health: 0/16       AC:  2    Str: 10    XL:     3   Next: 50%
Magic:  3/7        EV: 17    Int: 15    God:
Gold:   32         SH:  0    Dex: 20    Spells: 6/7 levels left

rFire    . . .     SeeInvis .   a - +1 dagger
rCold    . . .     Gourm    .   (no shield)
rNeg     . . .     Faith    .   b - +0 robe
rPois    .         Spirit   +   (no helmet)
rElec    .         Reflect  .   (no cloak)
rCorr    .         Harm     .   (no gloves)
MR       .....                  (no boots)
Stlth    ++++......             (no amulet)
HPRegen  0.05/turn              (no ring)
MPRegen  0.10/turn              (no ring)

@: agile, lethally poisoned (0 -> -16)
A: fangs 2, magic shield, antimagic bite, no potion heal 3, rot immunity
a: no special abilities


You were on level 2 of the Dungeon.
You were not hungry.

You visited 1 branch of the dungeon, and saw 2 of its levels.

You collected 32 gold pieces.

Inventory:

Hand Weapons
 a - a +1 dagger (weapon)
 m - a +1 dagger of speed
Armour
 b - a +0 robe (worn)
 j - a +0 cloak
Scrolls
 e - a scroll of amnesia {unknown}
 g - a scroll of identify {unknown}
 h - a scroll of enchant armour {unknown}
 l - a scroll of magic mapping {unknown}
Potions
 c - a potion of agility
 f - a potion of curing {unknown}
 i - a potion of magic {unknown}
 k - 2 potions of brilliance {unknown}
Comestibles
 d - 2 rations


   Skills:
 + Level 1.4 Short Blades
 - Level 1.5 Dodging
 * Level 4.5 Stealth
 + Level 2.6 Spellcasting
 + Level 3.3 Hexes


You had 6 spell levels left.
You knew the following spells:

 Your Spells              Type           Power        Failure   Level  Hunger
a - Corona                Hex            ##.....      5%          1    #......

Your spell library contained the following spells:

 Spells                   Type           Power        Failure   Level  Hunger
 Ensorcelled Hibernation  Hex/Ice        #.....       16%         2    ###....
 Confuse                  Hex            ##......     16%         3    ###....
 Tukima's Dance           Hex            ##......     16%         3    ###....
 Dazzling Spray           Conj/Hex       #.....       32%         3    ###....


Dungeon Overview and Level Annotations

Branches:
Dungeon (2/15)

Altars:


Innate Abilities, Weirdness & Mutations

You have extremely sharp teeth.
When hurt, damage is shared between your health and your magic reserves.
Your bite disrupts and absorbs the magic of your enemies.
Potions cannot restore your health.
You are immune to rotting.


Message History

The adder bites you.
You hit the adder but do no damage. You bite the adder. You drain its power.
You feel invigorated.
The adder is severely wounded.
The adder bites you.
* * * LOW HITPOINT WARNING * * *
You are lethally poisoned!
The adder poisons you! The adder bites you.
* * * LOW HITPOINT WARNING * * *
You are more poisoned.
The adder poisons you!
You hit the adder.
You kill the adder!
* * * LOW HITPOINT WARNING * * *
You feel sick.
* * * LOW HITPOINT WARNING * * *
You feel sick.
It was a potion of agility.
You feel agile all of a sudden.
You die...

####### ####
##.....##....
##............
#.............
#........?....
#.............
#.....@..>....
#####.............
#................. #
##.................
######......#.....##....
...........##...........
###...........#.?.##....
###.#............... ...
#....)#...#..........


There were no monsters in sight!

Vanquished Creatures
  An adder (D:2)
  An ooze (D:1)
  2 leopard geckos (D:1)
  3 bats
  4 goblins (D:1)
  5 hobgoblins (D:1)
  2 frilled lizards (D:1)
  2 kobolds
  5 rats (D:1)
25 creatures vanquished.

Notes
Turn   | Place    | Note
-------+----------+-------------------------------------------
     0 | D:1      | Mrkan the Vine Stalker Enchanter began the quest for the
                  | Orb.
     0 | D:1      | Reached XP level 1. HP: 9/9 MP: 4/4
    57 | D:1      | Reached skill level 1 in Short Blades
    67 | D:1      | Reached skill level 4 in Stealth
    67 | D:1      | Reached XP level 2. HP: 8/13 MP: 4/6
   432 | D:1      | Reached XP level 3. HP: 12/16 MP: 7/7
   751 | D:2      | Succumbed to an adder's poison

Skill      XL: |  1 |
---------------+----+-----
Short Blades   | 1 |  1.4
Stealth        | 4 |  4.5
Dodging        | |  1.5
Spellcasting   | |  2.6
Hexes          | |  3.3

Action                   || total
-------------------------++-------
Melee: Dagger            ||    80
       Bite              ||    18
  Use: Potion            ||     1
 Stab: Sleeping          ||     2
Armor: Robe              ||    19
Dodge: Dodged            ||    47
